 Dungeon Crawl Stone Soup version 0.31-a0-237-g2d982f9f85 (webtiles) character file.

Game seed: 3840674307652503543

73 Harunobu the Cudgeller (level 4, -1/28 HPs)
             Began as a Gargoyle Gladiator on July 11, 2023.
             Slain by a gnoll
             ... wielding a +0 whip
              (7 damage)
             ... on level 3 of the Dungeon.
             The game lasted 00:02:44 (1258 turns).

Harunobu the Cudgeller (Gargoyle Gladiator)         Turns: 1258, Time: 00:02:45

Health: -1/28      AC:  7    Str: 20    XL:     4   Next: 27%
Magic:  4/4        EV: 12    Int:  8    God:
Gold:   51         SH:  0    Dex: 11    Spells: 3/3 levels left

rFire   . . .        g - +0 whip
rCold   . . .        (no shield)
rNeg    + . .        b - +0 leather armour
rPois   ∞            c - +0 helmet
rElec   +            (no cloak)
rCorr   .            (no gloves)
SInv    .            (no boots)
Will    .....        (no amulet)
Stlth   +            (no ring)
HPRegen 0.24/turn    (no ring)
MPRegen 0.09/turn

%: no passive effects
@: no status effects
A: sickness immunity, AC +3, negative energy resistance 1, electricity
resistance, torment resistance 1, petrification resistance
a: no special abilities


You were on level 3 of the Dungeon.
You visited 1 branch of the dungeon, and saw 3 of its levels.

You collected 51 gold pieces.

Inventory:

Hand Weapons
 a - a +0 flail
 g - a +0 whip (weapon)
Missiles
 d - 3 throwing nets (quivered)
 e - a javelin
Armour
 b - a +0 leather armour (worn)
 c - a +0 helmet (worn)
Scrolls
 f - 2 scrolls of revelation {unknown}
 h - 3 scrolls of noise {unknown}
 j - a scroll of fog {unknown}
 l - a scroll of identify {unknown}
Potions
 i - 2 potions of curing {unknown}
 k - a potion of heal wounds {unknown}
 m - 2 potions of magic {unknown}


   Skills:
 + Level 3.0 Fighting
 + Level 3.6 Maces & Flails
 + Level 2.5 Throwing
 + Level 2.9 Dodging


You had 3 spell levels left.
You didn't know any spells.
Your spell library contained the following spells:

 Spells                   Type           Power      Damage    Failure   Level
 Sandblast                Erth           0%         2d4       45%         1
 Passwall                 Tmut/Erth      0%         N/A       61%         2
 Stone Arrow              Conj/Erth      0%         3d7       83%         3


Dungeon Overview and Level Annotations

Branches:
Dungeon (3/15)

Altars:
Zin

Shops:
D:2 **

Annotations:
D:2 Natasha


Innate Abilities, Weirdness & Mutations

You are immune to sickness and miasma.
Your stone body is resilient. (AC +3)
You are immune to poison.
You resist negative energy. (rN+)
You are resistant to electric shocks. (rElec)
You are resistant to unholy torment.
You are immune to petrification.


Message History

You see here the felid corpse of Natasha.
Natasha casts a spell at you. The magic dart hits you.
Natasha casts a spell at you. The magic dart hits you.
There is a stone staircase leading down here.
Natasha mumbles some strange words.
You feel disoriented.
Natasha stares at you and mumbles some strange words.
The magic dart hits you.
You climb downwards.
The gnoll shouts!
Found 11 gold pieces.
There is a stone staircase leading up here.
The adder hisses angrily.
The adder attacks as you move away! The adder barely misses you.
The adder attacks as you move away! The adder bites you.
The adder completely misses you.
Found a scroll labelled AFRA PILYNLO.
You whack the adder!
The adder is heavily wounded.
The adder closely misses you.
You miss the adder.
The adder is heavily wounded.
The adder misses you.
You hit the adder.
The adder is severely wounded.
The adder closely misses you. The adder bites you.
You barely miss the adder.
The adder is severely wounded.
The adder bites you but does no damage.
You hit the adder.
You kill the adder!
The hobgoblin hits you but does no damage.
Your Fighting skill increases to level 3!
The gnoll hits you with a +0 whip!
* * * LOW HITPOINT WARNING * * *
You see here an adder corpse.
You hit the gnoll but do no damage. The gnoll hits you with a +0 whip!
You die...

.# ..# .. #.## #.
##..# ..# ...#
... #.######
#.###.@g...#
#....g##...##
#............?.
#.....##...####
#.....# .....
#.....######..
##.#...g#####.#.
.................
######...<......#


You could see a gnoll and a hobgoblin.

Vanquished Creatures
  Natasha (D:2)
  An adder (D:3)
  A worm (D:2)
  A dart slug (D:1)
  3 endoplasms (D:1)
  2 giant cockroaches
  5 goblins
  2 hobgoblins (D:1)
  4 kobolds
  2 quokkas
  3 ball pythons (D:1)
  4 bats
  A frilled lizard (D:1)
  4 rats
34 creatures vanquished.

Notes
Turn   | Place    | Note
-------+----------+-------------------------------------------
     0 | D:1      | Harunobu the Gargoyle Gladiator began the quest for the
                  | Orb.
     0 | D:1      | Reached XP level 1. HP: 12/12 MP: 1/1
   192 | D:1      | Reached XP level 2. HP: 16/18 MP: 2/2
   686 | D:1      | Reached XP level 3. HP: 21/22 MP: 3/3
  1054 | D:2      | Found Taenn's Assorted Antiques.
  1099 | D:2      | Found Ymaciut's Assorted Antiques.
  1163 | D:2      | Noticed Natasha
  1165 | D:2      | Found a glowing silver altar of Zin.
  1175 | D:2      | Killed Natasha
  1176 | D:2      | Reached XP level 4. HP: 7/27 MP: 4/4
  1233 | D:2      | Noticed Natasha
  1258 | D:3      | Slain by a gnoll

Illustrated notes

Levels and vault maps discovered:
D:1:      scummos_arrival_forest, layout_basic
D:2:      layout_basic, basic_altar, serial_shops,
          nicolae_shop_overgrown_old_shop, shop, shop_statue,
          nicolae_shop_tiny_glass, nicolae_shop_rolled_up,
          nicolae_ecumenical_oubliette, serial_bayou_crossing,
          uniq_crazy_yiuf_cottage, uniq_natasha
D:3:      layout_rooms, lemuel_doored_altar, biasface_ghost_orc_armoury,
          guppyfry_early_orc_mine, uniq_jessica, uniq_terence

Skill      XL: |  1  2  3  4 |
---------------+-------------+-----
Throwing       | 2 |  2.5
Fighting       | 3 |  3.0
Maces & Flails | |  3.6
Dodging        | |  2.9

Action                     |  1- 3 |  4- 6 || total
---------------------------+-------+-------++-------
  Melee: Flail             |    61 |       ||    61
         Whip              |    79 |     6 ||    85
         Punch             |     1 |       ||     1
 Armour: Leather armour    |    66 |     2 ||    68
  Dodge: Dodged            |   113 |     5 ||   118

Table legend: (Time is in decaauts)
 A = Elapsed time spent in this place.
 B = Non-inter-level travel time spent in this place.
 C = Inter-level travel time spent in this place.
 D = Time resting spent in this place.
 E = Time spent auto-exploring this place.
 F = Levels seen in this place.
 G = Mean time per level.
                   A        B        C        D        E       F      G
               +--------+--------+--------+--------+--------+-----+--------+
         Total |   1267 |   1236 |     31 |    287 |    557 |   3 |  422.3 |
       Dungeon |   1267 |   1236 |     31 |    287 |    557 |   3 |  422.3 |
               +--------+--------+--------+--------+--------+-----+--------+

Top non-repeatable levels by time:
     D:1: 839 daAuts
     D:2: 412 daAuts
     D:3: 15 daAuts
